 Dungeon Crawl Stone Soup version 0.25-a0-597-gb30770a0c0 (webtiles) character file.

Game seed: 15367822053208392686, levelgen mode: deterministic

67 Glundar the Magician (level 4, -5/32 HPs)
             Began as a Gnoll Wizard on Mar 15, 2020.
             Slain by Grinder (6 damage)
             ... while paralysed by Grinder
             ... on level 3 of the Dungeon.
             The game lasted 00:09:13 (2538 turns).

Glundar the Magician (Gnoll Wizard)                 Turns: 2538, Time: 00:09:14

Health: -5/32      AC:  2    Str:  9    XL:     4   Next: 16%
Magic:  3/13       EV:  2    Int: 22    God:
Gold:   162        SH:  0    Dex: 13    Spells: 7/17 levels left

rFire    . . .     SeeInvis .   n - +1 hand axe (venom)
rCold    . . .     Gourm    .   (no shield)
rNeg     . . .     Faith    .   a - +0 robe
rPois    .         Spirit   .   b - +0 hat
rElec    .         Reflect  .   (no cloak)
rCorr    .         Harm     .   (no gloves)
MR       .....                  (no boots)
Stlth    +++.......             (no amulet)
HPRegen  0.10/turn              (no ring)
MPRegen  0.13/turn              (no ring)

@: paralysed, very slightly contaminated
A: distributed training, fangs 1, strong nose
a: no special abilities


You were on level 3 of the Dungeon.
You were not hungry.

You visited 1 branch of the dungeon, and saw 3 of its levels.

You collected 162 gold pieces.

Inventory:

Hand Weapons
 n - a +1 hand axe of venom (weapon)
Armour
 a - a +0 robe (worn)
 b - a +0 hat (worn)
Jewellery
 i - an uncursed ring of wizardry {unknown}
Wands
 k - a wand of polymorph (3)
Scrolls
 c - 2 scrolls of random uselessness {unknown}
 e - 2 scrolls of amnesia {unknown}
 g - 2 scrolls of enchant weapon {unknown}
 o - a scroll of immolation {unknown}
 q - 2 scrolls of fog {unknown}
 r - a scroll of teleportation {unknown}
 s - a scroll of identify {unknown}
Potions
 f - 2 potions of stabbing {unknown}
 h - 2 potions of degeneration {unknown}
 j - 2 potions of brilliance {unknown}
 l - 3 potions of curing {unknown}
 m - a potion of haste {unknown}
 p - a potion of lignification {unknown}
 t - a potion of flight {unknown}
 v - a potion of magic {unknown}
Comestibles
 d - 6 rations


   Skills:
 + Level 1.0 Fighting
 + Level 1.0 Short Blades
 + Level 1.0 Long Blades
 + Level 1.0 Axes
 + Level 1.0 Maces & Flails
 + Level 1.0 Polearms
 + Level 1.0 Staves
 + Level 1.0 Slings
 + Level 1.0 Bows
 + Level 1.0 Crossbows
 + Level 1.0 Throwing
 + Level 1.0 Armour
 + Level 4.6 Dodging
 + Level 4.2 Stealth
 + Level 1.0 Shields
 + Level 1.0 Unarmed Combat
 + Level 7.2 Spellcasting
 + Level 2.2 Conjurations
 + Level 0.8 Hexes
 + Level 0.8 Charms
 + Level 2.2 Summonings
 + Level 0.8 Necromancy
 + Level 2.2 Translocations
 + Level 0.8 Transmutations
 + Level 0.8 Fire Magic
 + Level 0.8 Ice Magic
 + Level 0.8 Air Magic
 + Level 0.8 Earth Magic
 + Level 0.8 Poison Magic
 + Level 1.1 Invocations
 + Level 1.0 Evocations


You had 7 spell levels left.
You knew the following spells:

 Your Spells              Type           Power        Failure   Level  Hunger
a - Magic Dart            Conj           ###.         3%          1    None
b - Blink                 Tloc           N/A          4%          2    None
c - Call Imp              Summ           ###.....     4%          2    None
d - Slow                  Hex            ##......     9%          2    None
e - Mephitic Cloud        Conj/Pois/Air  ##......     14%         3    None

Your spell library contained the following spells:

 Spells                   Type           Power        Failure   Level  Hunger
 Conjure Flame            Conj/Fire      ##......     13%         3    None


Dungeon Overview and Level Annotations

Branches:
Dungeon (3/15)

Altars:

Annotations:
D:3 Grinder


Innate Abilities, Weirdness & Mutations

Your experience applies equally to all skills.
You have very sharp teeth.
Your uncanny sense of smell can sniff out nearby items.


Message History

Casting: Call Imp (safe; 4% risk of failure)
Confirm with . or Enter, or press ? or * to list all spells.
A shadowy apparition takes form in the air.
Casting: Call Imp (safe; 4% risk of failure)
Confirm with . or Enter, or press ? or * to list all spells.
A shadowy apparition takes form in the air.
Your crimson imp hits Grinder.
Your shadow imp closely misses Grinder.
Grinder gestures at you.
You suddenly lose the ability to move!
Your shadow imp hits Grinder.
Your crimson imp blinks!
Grinder hits you!
You writhe in agony.
* * * LOW HITPOINT WARNING * * *
Your shadow imp hits Grinder.
Your shadow imp disappears in a puff of smoke!
Your shadow imp hits Grinder but does no damage.
Your shadow imp barely misses Grinder.
Grinder hits you!
* * * LOW HITPOINT WARNING * * *
You writhe in agony.
You die...

# #.#.#######'#.....#####...# #
#...........#.##.#...>....# #
#.###########'##.#.######## # #.#
#.........#.# .#.###### # #.#
##.####......#.##.#..5.... #
#.#.#............#.#..#.###### #
#.#.#..####...........#5# #
#.#.#..# #.#....#.####.###### #
#.#.#..####.#@5§.............. #
#.#.#.........5§.....##...#... #
#.#..........5............#.## #
#...........##5...........#.# #
#..<#.......#.............#.##
####...#.......####..........#.#.
##.....#.........................
##....##......############.######
.+....+......## #.........


You could see Grinder, a friendly crimson imp and 2 friendly shadow imps.

Vanquished Creatures
  A dart slug (D:3)
  An orc (D:3)
  5 bats
  4 goblins
  3 hobgoblins
  2 jackals (D:1)
  6 kobolds
  A quokka (D:2)
  2 frilled lizards
  7 rats
32 creatures vanquished.

Vanquished Creatures (collateral kills)
  Terence (D:2)
  2 adders (D:2)
  An adder skeleton (D:3)
  A hobgoblin (D:2)
  2 kobolds
7 creatures vanquished.

Grand Total: 39 creatures vanquished

Notes
Turn   | Place    | Note
-------+----------+-------------------------------------------
     0 | D:1      | Glundar the Gnoll Wizard began the quest for the Orb.
     0 | D:1      | Reached XP level 1. HP: 13/13 MP: 8/8
    62 | D:1      | Reached XP level 2. HP: 18/19 MP: 1/10
   140 | D:1      | Learned a level 2 spell: Blink
   143 | D:1      | Learned a level 2 spell: Call Imp
   146 | D:1      | Learned a level 2 spell: Slow
   872 | D:2      | Noticed Terence
   893 | D:2      | Killed Terence
   893 | D:2      | Reached XP level 3. HP: 25/25 MP: 4/11
  1008 | D:2      | Reached skill level 1 in Invocations
  1513 | D:2      | Reached skill level 1 in Fighting
  1513 | D:2      | Reached skill level 1 in Short Blades
  1513 | D:2      | Reached skill level 1 in Long Blades
  1513 | D:2      | Reached skill level 1 in Axes
  1513 | D:2      | Reached skill level 1 in Maces & Flails
  1513 | D:2      | Reached skill level 1 in Polearms
  1513 | D:2      | Reached skill level 1 in Staves
  1513 | D:2      | Reached skill level 1 in Slings
  1513 | D:2      | Reached skill level 1 in Bows
  1513 | D:2      | Reached skill level 1 in Crossbows
  1513 | D:2      | Reached skill level 1 in Throwing
  1513 | D:2      | Reached skill level 1 in Armour
  1513 | D:2      | Reached skill level 1 in Shields
  1513 | D:2      | Reached skill level 1 in Unarmed Combat
  1513 | D:2      | Reached skill level 1 in Evocations
  1846 | D:3      | Reached XP level 4. HP: 32/32 MP: 9/13
  1851 | D:3      | Learned a level 3 spell: Mephitic Cloud
  2293 | D:3      | Noticed Grinder
  2293 | D:3      | Paralysed by Grinder for 7 turns
  2304 | D:3      | Paralysed by Grinder for 2 turns
  2536 | D:3      | Paralysed by Grinder for 4 turns
  2538 | D:3      | HP: 1/32 [Grinder (8)]
  2538 | D:3      | Slain by Grinder

Levels and vault maps discovered:
D:1:      minmay_arrival_five_plusses, layout_basic,
          kennysheep_decorative_pillar, minmay_indecisive_spiral
D:2:      layout_loops_ring, first_ration, uniq_terence
D:3:      layout_basic, uniq_grinder

Skill      XL: |  1  2  3 |
---------------+----------+-----
Conjurations   | 2 |  2.2
Summonings     | 2 |  2.2
Translocations | 2 |  2.2
Invocations    | 1 |  1.1
Fighting       | 1 |  1.0
Short Blades   | 1 |  1.0
Long Blades    | 1 |  1.0
Axes           | 1 |  1.0
Maces & Flails | 1 |  1.0
Polearms       | 1 |  1.0
Staves         | 1 |  1.0
Slings         | 1 |  1.0
Bows           | 1 |  1.0
Crossbows      | 1 |  1.0
Throwing       | 1 |  1.0
Armour         | 1 |  1.0
Shields        | 1 |  1.0
Unarmed Combat | 1 |  1.0
Evocations     | 1 |  1.0
Dodging        | |  4.6
Stealth        | |  4.2
Spellcasting   | |  7.2
Hexes          | |  0.8
Charms         | |  0.8
Necromancy     | |  0.8
Transmutations | |  0.8
Fire Magic     | |  0.8
Ice Magic      | |  0.8
Air Magic      | |  0.8
Earth Magic    | |  0.8
Poison Magic   | |  0.8

Action                   |  1- 3 |  4- 6 || total
-------------------------+-------+-------++-------
Melee: Short sword       |     4 |       ||     4
       Bite              |     1 |       ||     1
       Hand axe          |     5 |       ||     5
 Cast: Magic Dart        |    49 |    12 ||    61
       Call Imp          |    11 |    10 ||    21
 Stab: Sleeping          |     1 |       ||     1
  Eat: Chunk             |     3 |     2 ||     5
Armor: Robe              |     2 |     1 ||     3
Dodge: Dodged            |    12 |     1 ||    13

Table legend:
 A = Non-vault XP
 B = Vault XP
 C = Vault XP percentage of total XP
 D = Non-vault monster count
 E = Vault monster count
 F = Vault count percentage of total count
                 A         B        C        D         E       F
            +---------+---------+-------+---------+---------+-------
      Total |      71 |      25 |  26.0 |      34 |       5 |  12.8
            +---------+---------+-------+---------+---------+-------
        D:1 |      15 |       7 |  31.8 |      10 |       4 |  28.6
        D:2 |      37 |      18 |  32.7 |      15 |       1 |   6.2
        D:3 |      19 |       0 |   0.0 |       9 |       0 |   0.0
            +---------+---------+-------+---------+---------+-------
